 Dungeon Crawl Stone Soup version 0.28-a0-724-g66f9036eb4 (webtiles) character file.

Game seed: 11018308974135256221

38 KoroneIsBestGirl the Skirmisher (level 3, -4/30 HPs)
             Began as a Vine Stalker Berserker on Oct 27, 2021.
             Was a Follower of Trog.
             Slain by a gnoll (7 damage)
             ... on level 1 of the Dungeon.
             The game lasted 00:00:53 (1688 turns).

KoroneIsBestGirl the Skirmisher (VSBe)              Turns: 1688, Time: 00:00:54

Health: -4/30      AC:  2    Str: 20    XL:     3   Next: 43%
Magic:  0/4        EV: 12    Int:  7    God:    Trog [*.....]
Gold:   34         SH:  0    Dex: 13    Spells: 2/2 levels left

rFire   . . .      SeeInvis .   a - +0 falchion
rCold   . . .      Faith    .   (no shield)
rNeg    . . .      Spirit   +   b - +0 animal skin
rPois   .          Reflect  .   (no helmet)
rElec   .          Harm     .   (no cloak)
rCorr   .          Rampage  .   (no gloves)
Will    .....                   (no boots)
Stlth   ..........              (no amulet)
HPRegen 0.10/turn               (no ring)
MPRegen 0.09/turn               (no ring)

@: berserking, very quick
A: fangs 2, magic shield, antimagic bite, no potion heal 2
a: Renounce Religion, Berserk


You were on level 1 of the Dungeon.
You worshipped Trog.
Trog was aware of your devotion.
You visited 1 branch of the dungeon, and saw 2 of its levels.

You collected 34 gold pieces.

Inventory:

Hand Weapons
 a - a +0 falchion (weapon)
Armour
 b - a +0 animal skin (worn)
Scrolls
 d - a scroll of fog {unknown}
 e - a scroll of amnesia {unknown}
 f - 3 scrolls of identify {unknown}
 h - a scroll of fear {unknown}
Potions
 c - a potion of flight {unknown}
 g - a potion of berserk rage {unknown}


   Skills:
 + Level 3.0 Fighting
 + Level 3.0 Long Blades
 + Level 2.1 Armour
 + Level 2.0 Dodging


You had 2 spell levels left.
You didn't know any spells.
Your spell library was empty.

Dungeon Overview and Level Annotations

Branches:
Dungeon (2/15)

Altars:


Innate Abilities, Weirdness & Mutations

You have extremely sharp teeth.
When hurt, damage is shared between your health and your magic reserves.
Your bite disrupts and absorbs the magic of your enemies.
Potions cannot restore your health.


Message History

You are too injured to fight recklessly!
You barely miss the gnoll. You bite the gnoll! You drain its power.
You feel invigorated.
The gnoll is severely wounded.
The gnoll barely misses you.
You barely miss the gnoll. You bite the gnoll.
You kill the gnoll!
Trog accepts your kill.
Your Dodging skill increases to level 2!
You start resting.
You feel a strong urge to attack something.
You start resting.
You feel your anger nearly subside.
You are no longer berserk.
You are exhausted.
You feel yourself slow down.
You start resting.
You feel yourself speed up.
You start resting.
You recover from your berserk rage.
You start resting.
HP restored.
You climb downwards.
The gnoll hits you with a +0 flail! The gnoll barely misses you.
There is a stone staircase leading up, spattered with blood here.
The gnoll hits you with a +0 flail! The gnoll misses you.
The gnoll completely misses you.
You climb upwards.
There is a stone staircase leading down here.
Unknown command.
A red film seems to cover your vision as you go berserk!
You feel yourself moving faster!
You feel mighty! The gnoll hits you with a +0 club.
* * * LOW HITPOINT WARNING * * *
The gnoll barely misses you.
You slash the gnoll! Your bite misses the gnoll.
The gnoll is almost dead.
The gnoll hits you with a +0 club.
* * * LOW HITPOINT WARNING * * *
The gnoll hits you with a +0 flail!
You die...

###..........#
#.########.#
########..### #.#
######....)......#
#.#
.....#.#######...#
#.# ####.#.# ##..#
#.# #.#.# #..# #.#
#.#.# #g.# #.#
#.#.# #.@# #.#
#.#.# ##g# #.#
#.#.# #.# #.#
####.#.###########
#.#
.†)..#..........#
#.#
.##############.#
#.# .#.......#
#.######.#
.#.#####.#
#........#
.#.#...#.#
##########


You could see 2 gnolls.

Vanquished Creatures
  A gnoll (D:1)
  2 dart slugs (D:1)
  3 ball pythons
  2 endoplasms (D:1)
  A giant cockroach (D:1)
  4 goblins (D:1)
  4 hobgoblins (D:1)
  2 kobolds (D:1)
  2 frilled lizards (D:1)
  3 rats (D:1)
24 creatures vanquished.

Notes
Turn   | Place    | Note
-------+----------+-------------------------------------------
     0 | D:1      | KoroneIsBestGirl the Vine Stalker Berserker began the quest
                  | for the Orb.
     0 | D:1      | Reached XP level 1. HP: 11/11 MP: 2/2
   129 | D:1      | Reached XP level 2. HP: 16/16 MP: 3/3
   583 | D:1      | Found a faded altar of an unknown god.
   791 | D:1      | Reached XP level 3. HP: 15/20 MP: 2/4
  1688 | D:1      | Slain by a gnoll

Illustrated notes

Levels and vault maps discovered:
D:1:      psy_arrival_whirlpool, layout_basic, basic_ecumenical_altar,
          patterned_corridor
D:2:      layout_loops_cross, solitary_fountain

Skill      XL: |  1  2  3 |
---------------+----------+-----
Fighting       | 3 |  3.0
Long Blades    | 3 |  3.0
Armour         | 2 |  2.1
Dodging        | 2 |  2.0

Action                   || total
-------------------------++-------
Melee: Falchion          ||    48
       Bite              ||    14
Invok: Berserk           ||     2
 Stab: Sleeping          ||     1
Armor: Animal skin       ||     4
Dodge: Dodged            ||    35

Table legend: (Time is in decaauts)
 A = Elapsed time spent in this place.
 B = Non-inter-level travel time spent in this place.
 C = Inter-level travel time spent in this place.
 D = Time resting spent in this place.
 E = Time spent auto-exploring this place.
 F = Levels seen in this place.
 G = Mean time per level.
                   A        B        C        D        E       F      G
               +--------+--------+--------+--------+--------+-----+--------+
         Total |   1711 |   1588 |    123 |    441 |    966 |   2 |  855.5 |
       Dungeon |   1711 |   1588 |    123 |    441 |    966 |   2 |  855.5 |
               +--------+--------+--------+--------+--------+-----+--------+

Top non-repeatable levels by time:
     D:1: 1650 daAuts
     D:2: 61 daAuts
